 Dungeon Crawl Stone Soup version 0.24-a0-73-g81bb1ad (webtiles) character file.

Game seed: 8950494654293331656

606961 Deaus the Severer (level 27, -2/132 HPs)
             Began as a Vine Stalker Fighter on Feb 5, 2019.
             Was the Champion of Uskayaw.
             Slain by a greater mummy (15 damage)
             ... led by Khufu
             ... on level 3 of the Crypt on Feb 6, 2019.
             The game lasted 03:36:38 (49441 turns).

Deaus the Severer (Vine Stalker Fighter)           Turns: 49441, Time: 03:36:39

Health: -2/132     AC: 33    Str: 31 (32) XL:     27
Magic:  0/35       EV: 13    Int:  9      God:    Uskayaw [******]
Gold:   5600       SH:  0    Dex: 16      Spells: 41/48 levels left

rFire    + . .     SeeInvis +   e - +9 executioner's axe (holy)
rCold    + . .     Gourm    .   (shield currently unavailable)
rNeg     + + .     Faith    .   k - +8 plate armour of Voronucw {rElec Regen+}
rPois    +         Spirit   +   o - +2 hat {MR+}
rElec    +         Reflect  .   M - scarf {rC+ rF+}
rCorr    +         Harm     .   G - +2 pair of gloves {Str+3}
MR       +++..                  U - +2 pair of boots {Fly}
Stlth    ++........             j - amulet of magic regeneration
HPRegen  1.52/turn              F - ring of see invisible
MPRegen  0.49/turn              D - ring "Muwudgh" {rCorr rPois rN++ MR-}

@: slowed, lightly drained, deflect missiles, very slow
A: fangs 3, deterioration 1, dopey 1, frail 1, low mp 1, regeneration 2, strong
1, wild magic 1, magic shield, antimagic bite, no potion heal 3, rot immunity,
sturdy frame 1
}: 4/15 runes: serpentine, barnacled, slimy, silver
a: Stomp, Line Pass, Grand Finale, Renounce Religion, Evoke Flight


You were on level 3 of the Crypt.
You worshipped Uskayaw.
Uskayaw was most pleased with you.
You were not hungry.

You visited 11 branches of the dungeon, and saw 51 of its levels.
You visited 2 bazaars.
You also visited: Sewer and Ice Cave.

You collected 8060 gold pieces.
You spent 2460 gold pieces at shops.

Inventory:

Hand Weapons
 a - a +9 broad axe of electrocution
 b - the +8 longbow of Indignation {freeze, MR+ Int-5 Stlth+}
   (You found it on level 4 of the Shoals)

   It causes projectiles fired from it to freeze those they strike, causing
   extra injury to most foes and up to half again as much damage against
   particularly susceptible opponents.
   They can also slow down cold-blooded creatures.
   It affects your intelligence (-5).
   It affects your resistance to hostile enchantments.
   It makes you more stealthy.
 e - a +9 executioner's axe of holy wrath (weapon)
Missiles
 u - 1507 arrows
 E - 6 javelins of penetration (quivered)
Armour
 k - the +8 plate armour of Voronucw (worn) {rElec Regen+}
   (You bought it in a shop on level 2 of the Orcish Mines)

   It insulates you from electricity.
   It increases your rate of regeneration.
 m - a +1 buckler of cold resistance
 o - a +2 hat of magic resistance (worn)
 v - the cursed +0 helmet of Kil Gask {rElec rF- rCorr}
   (You found it on level 2 of the Shoals)

   It makes you vulnerable to fire.
   It insulates you from electricity.
   It provides partial protection from all sources of acid and corrosion.
   It has a curse placed upon it.
 G - a +2 pair of gloves of strength (worn)
 M - a scarf of resistance (worn)
 T - a +2 cloak of invisibility
 U - a +2 pair of boots of flying (worn)
 V - the +1 pair of boots "Ediemuin" {+Inv}
   (You found it on level 5 of the Pits of Slime)

   It lets you turn invisible.
 X - +6 fire dragon scales
Jewellery
 h - the amulet of the Air {Inacc +Fly rElec EV+5 RMsl}
   (You found it on level 3 of the Elven Halls)

   [amulet of inaccuracy]

   It reduces the accuracy of all your attacks.
   It affects your evasion (+5).
   It insulates you from electricity.
   It lets you fly.
   It protects you from missiles.
 j - an amulet of magic regeneration (around neck)
 t - a +4 ring of evasion
 z - an uncursed ring of ice
 D - the ring "Muwudgh" (right hand) {rCorr rPois rN++ MR-}
   (You took it off a deep elf death mage on level 3 of the Elven Halls)

   [ring of resist corrosion]

   It protects you from poison.
   It greatly protects you from negative energy.
   It affects your resistance to hostile enchantments.
 F - a ring of see invisible (left hand)
 P - the ring "Raeraisk" {rPois Str+2 Dex+4}
   (You found it on level 10 of the Dungeon)

   [ring of poison resistance]

   It affects your strength (+2).
   It affects your dexterity (+4).
   It protects you from poison.
Wands
 l - a wand of paralysis (10)
 K - a wand of acid (28)
 O - a wand of digging (7)
Scrolls
 i - 32 scrolls of identify
 n - 6 scrolls of immolation
 q - 25 scrolls of remove curse
 r - 17 scrolls of teleportation
 s - 5 scrolls of fear
 w - a scroll of holy word
 x - 6 scrolls of magic mapping
 y - 5 scrolls of vulnerability
 B - 9 scrolls of fog
 I - a scroll of summoning
 Q - a scroll of enchant armour
 R - 7 scrolls of blinking
 Z - 3 scrolls of silence
Potions
 c - a potion of invisibility
 d - 9 potions of might
 g - 31 potions of curing
 p - 4 potions of haste
 A - 7 potions of agility
 C - a potion of magic
 H - 5 potions of resistance
 J - 10 potions of flight
 L - 8 potions of cancellation
 S - 10 potions of mutation
 W - 2 potions of berserk rage
Comestibles
 f - 108 rations


   Skills:
 - Level 16.0(15.6) Fighting
 - Level 18.0(17.6) Axes
   Level 5.0(8.6) Slings
 * Level 10.3(10.0) Bows
 - Level 11.4 Throwing
 - Level 14.1(13.8) Armour
 - Level 7.0(6.7) Dodging
 - Level 12.7(12.3) Stealth
 - Level 5.0(4.7) Shields
 - Level 11.3(11.0) Spellcasting
 * Level 15.9(15.5) Charms
 - Level 3.0(2.7) Translocations
 * Level 16.0(15.6) Air Magic
 - Level 17.0(16.6) Invocations
 - Level 10.0(9.6) Evocations


You had 41 spell levels left.
You knew the following spells:

 Your Spells              Type           Power        Failure   Level  Hunger
a - Deflect Missiles      Chrm/Air       #####.....   19%         6    #######
b - Apportation           Tloc           ##....       22%         1    None

Your spell library contained the following spells:

 Spells                   Type           Power        Failure   Level  Hunger
 Infusion                 Chrm           ####         1%          1    None
 Song of Slaying          Chrm           #####...     1%          2    #......
 Swiftness                Chrm/Air       #####...     1%          2    #......
 Shroud of Golubria       Chrm/Tloc      ####......   3%          2    #......
 Ozocubu's Armour         Chrm/Ice       ###.....     10%         3    ##.....
 Regeneration             Chrm/Necr      ###.......   10%         3    ##.....
 Spectral Weapon          Hex/Chrm       ###.....     10%         3    ##.....
 Mephitic Cloud           Conj/Pois/Air  ###.....     26%         3    ##.....
 Summon Lightning Spire   Summ/Air       ###.....     28%         4    ####...
 Blink                    Tloc           N/A          32%         2    #......
 Gell's Gravitas          Tloc           ##........   52%         3    ##.....
 Lesser Beckoning         Tloc           ##........   52%         3    ##.....
 Animate Skeleton         Necr           N/A          54%         1    None
 Confusing Touch          Hex            #.....       54%         1    None
 Corona                   Hex            #......      54%         1    None
 Flame Tongue             Conj/Fire      #....        54%         1    None
 Freeze                   Ice            #...         54%         1    None
 Magic Dart               Conj           #...         54%         1    None
 Pain                     Necr           #...         54%         1    None
 Sandblast                Erth           #.....       54%         1    None
 Sting                    Conj/Pois      #...         54%         1    None
 Summon Butterflies       Summ           #.......     54%         1    None
 Summon Small Mammal      Summ           #...         54%         1    None
 Iskenderun's Battlesphe  Conj/Chrm      ###.....     58%         5    ######.
 Silence                  Hex/Air        ###.......   58%         5    ######.
 Call Imp                 Summ           #.......     67%         2    #......
 Passwall                 Tmut/Erth      #.......     67%         2    #......
 Slow                     Hex            #.......     67%         2    #......
 Sublimation of Blood     Necr           #.........   67%         2    #......
 Throw Flame              Conj/Fire      #.....       67%         2    #......
 Throw Frost              Conj/Ice       #.....       67%         2    #......
 Recall                   Summ/Tloc      N/A          73%         3    ##.....
 Call Canine Familiar     Summ           #.......     88%         3    ##.....
 Confuse                  Hex            #.......     88%         3    ##.....
 Conjure Flame            Conj/Fire      #.......     88%         3    ##.....
 Dazzling Spray           Conj/Hex       #.....       88%         3    ##.....
 Ignite Poison            Fire/Tmut/Pois #.......     88%         3    ##.....
 Inner Flame              Hex/Fire       #.......     88%         3    ##.....
 Spider Form              Tmut/Pois      #.........   88%         3    ##.....
 Stone Arrow              Conj/Erth      #.....       88%         3    ##.....
 Summon Guardian Golem    Hex/Summ       #.......     88%         3    ##.....
 Tukima's Dance           Hex            #.......     88%         3    ##.....
 Vampiric Draining        Necr           #.........   88%         3    ##.....
 Passage of Golubria      Tloc           N/A          89%         4    ####...
 Conjure Ball Lightning   Conj/Air       ###.......   98%         6    #######
 Animate Dead             Necr           N/A          99%         4    ####...
 Fulminant Prism          Conj/Hex       #.........   99%         4    ####...
 Ice Form                 Ice/Tmut       #.......     99%         4    ####...
 Petrify                  Tmut/Erth      #.......     99%         4    ####...
 Sticky Flame             Conj/Fire      #.......     99%         4    ####...
 Summon Ice Beast         Ice/Summ       #.......     99%         4    ####...
 Throw Icicle             Conj/Ice       #.......     99%         4    ####...
 Alistair's Intoxication  Tmut/Pois      #.......     100%        5    ######.
 Aura of Abjuration       Summ           #.........   100%        5    ######.
 Bolt of Magma            Conj/Fire/Erth #.........   100%        5    ######.
 Fireball                 Conj/Fire      #.........   100%        5    ######.
 Irradiate                Conj/Tmut      #.........   100%        5    ######.
 Lee's Rapid Deconstruct  Erth           #.........   100%        5    ######.
 Metabolic Englaciation   Hex/Ice        #.........   100%        5    ######.
 Summon Demon             Summ           #.........   100%        5    ######.
 Summon Forest            Summ/Tloc      #.........   100%        5    ######.
 Summon Mana Viper        Hex/Summ       #.......     100%        5    ######.
 Venom Bolt               Conj/Pois      #.........   100%        5    ######.
 Yara's Violent Unravell  Hex/Tmut       #.........   100%        5    ######.
 Bolt of Cold             Conj/Ice       #.........   100%        6    #######
 Darkness                 Hex            #.........   100%        6    #######
 Freezing Cloud           Conj/Ice/Air   ###.......   100%        6    #######
 Invisibility             Hex            #.......     100%        6    #######
 Iron Shot                Conj/Erth      #.........   100%        6    #######
 Ozocubu's Refrigeration  Ice            #.........   100%        6    #######
 Shadow Creatures         Summ           N/A          100%        6    #######
 Simulacrum               Ice/Necr       #.........   100%        6    #######
 Haunt                    Necr/Summ      #.........   100%        7    #######
 Orb of Destruction       Conj           #.........   100%        7    #######
 Spellforged Servitor     Conj/Summ      #.........   100%        7    #######
 Borgnjor's Revivificati  Necr           #.........   100%        8    #######
 Death's Door             Chrm/Necr      ###.......   100%        8    #######
 Infestation              Necr           #.........   100%        8    #######
 Necromutation            Tmut/Necr      #.........   100%        8    #######
 Dragon's Call            Summ           #.........   100%        9    #######
 Tornado                  Air            #####.....   100%        9    #######


Dungeon Overview and Level Annotations

Branches:
Dungeon (15/15)            Temple (1/1) D:5            Lair (6/6) D:11
 Shoals (4/4) Lair:2        Snake (4/4) Lair:4        Slime (5/5) Lair:5
    Orc (2/2) D:12            Elf (3/3) Orc:2        Vaults (5/5) D:14
  Crypt (3/3) Vaults:2       Tomb (0/3) Crypt:3      Depths (3/5) D:15

Altars:
Ashenzari
Cheibriados
Dithmenos
Elyvilon
Fedhas
Gozag
Hepliaklqana
Kikubaaqudgha
Makhleb
Nemelex Xobeh
Okawaru
Qazlal
Ru
Sif Muna
Trog
Uskayaw
Vehumet
Wu Jian
Xom
Yredelemnul
Zin
The Shining One
Beogh

Shops:
D:8 !   D:11 [   Orc:2 [%(!   Elf:1 :   Shoals:2 :(   Shoals:4 (   Snake:3 :*(*
Vaults:3 (   Depths:1 =

Portals:
Hell: Depths:1 Depths:2 Depths:3
Pandemonium: Depths:3

Annotations:
Lair:4 exclusion: 4 oklob plants
Elf:3 exclusion: 2 orange crystal statues


Innate Abilities, Weirdness & Mutations

You have razor-sharp teeth.
You heal very quickly.
When hurt, damage is shared between your health and your magic reserves.
Your bite disrupts and absorbs the magic of your enemies.
Potions cannot restore your health.
You are immune to rotting.
Your body sometimes deteriorates upon taking damage.
You are dopey. (Int -2)
You are frail. (-10% HP)
Your magical capacity is low. (-10% MP)
Your muscles are strong. (Str +2)
Your spells are a little harder to cast, but a little more powerful.
Your movements are slightly less encumbered by armour. (ER -2)


Message History

The death scarab bites you.
* * * LOW HITPOINT WARNING * * *
The death scarab drains your vigour!
You feel as though you will be slow longer.
The death scarab misses you.
The death scarab bites you but does no damage.
Uskayaw links your audience in an emotional bond!
You don't have enough magic at the moment.
The death scarab disappears in a puff of smoke! x2
The death scarab bites you but does no damage.
The death scarab barely misses you.
The death scarab bites you but does no damage. x2
The death scarab bites you!
* * * LOW HITPOINT WARNING * * *
The death scarab draws strength from your injuries!
The death scarab closely misses you. x2; The death scarab barely misses you.
The death scarab closely misses you.
The death scarab bites you but does no damage.
The death scarab closely misses you. The greater mummy hits you!!
You die...

#..8..8..8.
#.........
##......... ..8.....8
#'#'#'#'#. ........
#.#.#.#.#' ##
#.....######'#######.
...#....s#...##.#
......
.............##.#
......
...8.sssĀ§8...##.#
......
......M@s....##.#
####..
...8...ss8)..##'#
......
......ss.....'..+
......
...8.....8...####
...... .............#
#####' ...#.....#...#
...... ####.....#####
...... ....... ......
8..... ###...


You could see a greater mummy, an emperor scorpion and 8 death scarabs.

Vanquished Creatures
  the Royal Jelly (Slime:5)
  An ancient lich (Vaults:5)
  Sojobo (Depths:1)
  Margery (Vaults:4)
  Saint Roka (Elf:3)
  Nikola (Snake:2)
  2 golden dragons (Vaults:5)
  Rupert (D:12)
  4 tentacled monstrosities (Vaults:5)
  An Ice Fiend (IceCv)
  The ghost of Aldia the Executioner, an adept HOMo of Beogh (Vaults:1)
  4 liches
  3 deep elf blademasters
  3 titans
  Asterion (Depths:3)
  A quicksilver dragon (Vaults:5)
  2 deep elf master archers (Elf:3)
  21 acid blobs
  3 sphinxes
  Gastronok (D:12)
  5 ancient champions
  6 shadow dragons
  Kirke (Snake:3)
  Donald (Elf:1)
  10 azure jellies
  12 tengu reavers
  Ilsuiw (Shoals:4)
  9 nagarajas
  2 revenants (Crypt:1)
  3 storm dragons
  8 fire giants
  22 vault wardens
  6 deep elf sorcerers
  7 frost giants
  2 iron dragons (Vaults:5)
  The ghost of Geefoyhi the Warrior, an adept GrFi of Okawaru (Shoals:2)
  2 orc warlords
  Louise (Elf:1)
  5 deep elf elementalists
  Aizul (Crypt:1)
  3 curse skulls
  21 ironheart preservers
  12 ghouls
  4 war gargoyles
  17 stone giants
  A juggernaut skeleton (Crypt:3)
  An entropy weaver (Vaults:2)
  3 very ugly things
  7 vampire knights
  A dire elephant (shapeshifter) (Vaults:4)
  6 dire elephants
  10 deep elf demonologists
  A spectral titan (Crypt:3)
  8 deep elf annihilators
  5 eidola
  Josephine (Lair:6)
  13 merfolk impalers
  2 spectral quicksilver dragons (Crypt:3)
  7 deep elf death magi
  3 merfolk javelineers
  12 fire dragons
  10 ettins
  12 jiangshi
  A great orb of eyes (shapeshifter) (Vaults:2)
  8 death oozes
  15 ogre magi
  15 yaktaur captains
  5 deep elf high priests
  11 great orbs of eyes
  Harold (D:8)
  18 naga warriors
  A caustic shrike simulacrum (Depths:1)
  A spriggan air mage (Depths:1)
  5 hydras
  5 rakshasas
  5 ice dragons
  38 vault guards
  A catoblepas (Lair:6)
  7 centaur warriors
  16 anacondas
  4 merfolk aquamancers
  Erica (D:8)
  7 merfolk avatars
  5 death knights
  3 satyrs
  45 two-headed ogres
  A spectral fire giant (Crypt:3)
  26 dancing weapons
  2 spriggan berserkers (Depths:2)
  4 tengu warriors
  3 deep troll earth magi
  4 deep troll shamans
  26 naga sharpshooters
  6 vampire magi
  Urug (D:11)
  4 hell knights
  2 spectral dire elephants (Crypt:3)
  5 orc high priests
  A spectral storm dragon (Crypt:3)
  12 shock serpents
  3 soul eaters
  A storm dragon zombie (Depths:1)
  22 deep elf knights
  A small abomination (Elf:2)
  Sonja (D:12)
  4 iron trolls
  6 shadow wraiths
  The ghost of garrulousMonolith the Shield-Bearer, a novice GnFi (D:9)
  23 skeletal warriors
  5 unseen horrors
  A fire crab (shapeshifter) (Vaults:4)
  4 salamander mystics
  19 sea snakes
  6 wizards
  14 deep elf archers
  2 glowing orange brains
  2 spectral emperor scorpions (Crypt:3)
  An infernal demonspawn (Depths:3)
  An orange crystal statue (Depths:1)
  7 naga ritualists
  A swamp dragon (shapeshifter) (Depths:1)
  24 deep trolls
  10 flayed ghosts
  7 necromancers
  16 phantasmal warriors
  A lindwurm (Lair:4)
  Pikel (D:5)
  2 harpies (shapeshifter)
  9 mana vipers
  13 harpies
  3 wolf spiders
  20 orc knights
  5 orc sorcerers
  19 ironbrand convokers
  A spectral ice dragon (Crypt:3)
  2 wolf spider zombies
  An orb spider (shapeshifter) (Depths:1)
  75 deep elf magi
  A frost giant zombie (Depths:1)
  56 ugly things
  A shining eye (shapeshifter) (Vaults:4)
  11 fauns
  16 salamanders
  9 manticores
  4 shining eyes
  13 cyclopes
  A spectral shock serpent (Crypt:3)
  2 stone giant skeletons (Vaults:2)
  8 guardian serpents
  Maurice (Orc:2)
  An ice statue (IceCv)
  11 naga magi
  A rust devil (Depths:3)
  11 elephants
  2 centaur zombies
  17 vault sentinels
  4 eyes of devastation
  A storm dragon simulacrum (Crypt:1)
  6 merfolk sirens
  5 spectral swamp worms (Depths:1)
  A titan simulacrum (Depths:1)
  8 spiny frogs
  30 black mambas
  A gargoyle (D:15)
  9 water nymphs
  A hellion (Depths:3)
  An orange demon (Depths:3)
  4 centaur skeletons
  A komodo dragon (shapeshifter) (D:14)
  A rime drake (Lair:4)
  An elephant slug zombie (Crypt:3)
  A spriggan skeleton (Depths:1)
  3 anaconda simulacra (IceCv)
  3 komodo dragons
  4 guardian mummies (Crypt:3)
  26 freezing wraiths
  49 yaktaurs
  A merfolk (shapeshifter) (Depths:3)
  A red devil (Depths:3)
  A white draconian skeleton (Crypt:2)
  6 ice devils (IceCv)
  A death yak skeleton (Crypt:2)
  7 human skeletons
  A meliai (shapeshifter) (Depths:1)
  5 hornets
  4 tengu conjurers
  38 merfolk
  A troll (shapeshifter) (Vaults:2)
  A polar bear (shapeshifter) (Vaults:4)
  A wind drake (shapeshifter) (Vaults:5)
  14 trolls
  5 wind drakes
  A polar bear (Lair:6)
  An alligator zombie (Crypt:1)
  A guardian serpent zombie (Crypt:2)
  An ettin zombie (Crypt:1)
  Prince Ribbit (D:7)
  A bog body (Crypt:2)
  A stone giant simulacrum (Depths:1)
  13 blink frogs
  6 hippogriffs
  A fire dragon zombie (Crypt:3)
  2 snapping turtles (shapeshifter)
  23 dream sheep
  7 snapping turtles
  73 slime creatures
  A shapeshifter (Vaults:1)
  A shock serpent simulacrum (Crypt:3)
  A redback (Vaults:2)
  8 shadows
  A deep troll skeleton (Depths:1)
  A fire dragon skeleton (Crypt:1)
  6 air elementals
  A spriggan (shapeshifter) (Vaults:4)
  4 wyverns
  A fire elemental (Elf:3)
  A tarantella (shapeshifter) (Vaults:4)
  A dire elephant simulacrum (IceCv)
  14 wraiths
  6 hogs (Snake:3)
  6 water elementals
  4 basilisks
  A basilisk (shapeshifter) (Depths:2)
  A hog (shapeshifter) (Vaults:4)
  25 yaks
  A neqoxec (Depths:3)
  8 golden eyes
  A spectral spiny frog (Crypt:3)
  4 hungry ghosts
  8 vampire mosquitoes
  A death yak simulacrum (IceCv)
  An infernal demonspawn zombie (Crypt:2)
  2 harpy simulacra (IceCv)
  9 wargs
  5 hydra simulacra (IceCv)
  An orb spider zombie (Crypt:2)
  65 nagas
  3 iron troll simulacra (IceCv)
  An acid dragon (D:12)
  13 water moccasins
  3 tengu skeletons
  A floating eye (Vaults:4)
  Duvessa (D:5)
  A floating eye (shapeshifter) (Vaults:4)
  6 porcupines
  A spectral snapping turtle (Crypt:3)
  A spiny frog skeleton (Crypt:3)
  3 ice beasts
  A torturous demonspawn skeleton (Crypt:2)
  An ettin simulacrum (IceCv)
  2 black bears (D:11)
  8 eyes of draining
  56 orc warriors
  4 phantoms
  A lindwurm zombie (Crypt:1)
  6 sky beasts
  2 fire dragon simulacra (Crypt:3)
  An orc zombie (Vaults:1)
  6 necrophages
  4 wolves (Lair:6)
  54 ogres
  21 boggarts
  16 centaurs
  An orc skeleton (Vaults:2)
  16 crocodiles
  A torpor snail zombie (Crypt:1)
  A hog zombie (Crypt:3)
  A hippogriff zombie (Crypt:2)
  A human zombie (Vaults:1)
  A swamp dragon skeleton (Crypt:1)
  6 big kobolds
  17 bullfrogs
  Blork the orc (D:5)
  A gnoll sergeant (Orc:2)
  A wyvern zombie (D:13)
  2 earth elementals (Elf:3)
  2 yaktaur skeletons
  A water moccasin skeleton (D:7)
  3 scorpions
  A troll zombie (Crypt:1)
  A snapping turtle simulacrum (Crypt:1)
  A tengu zombie (Depths:1)
  19 killer bees
  A swamp dragon simulacrum (IceCv)
  An elephant simulacrum (IceCv)
  4 electric eels
  11 wights
  9 howler monkeys
  A yak skeleton (Crypt:1)
  4 bullfrog zombies
  A draconian simulacrum (IceCv)
  6 crimson imps
  2 quasits
  A demonspawn zombie (Crypt:2)
  38 orc priests
  2 hounds
  23 jellies
  A bullfrog skeleton (D:7)
  29 orc wizards
  Ijyb (D:4)
  3 iguanas
  A troll simulacrum (IceCv)
  14 worker ants
  Natasha (thrice) (D:2)
  A polar bear simulacrum (IceCv)
  2 spriggan simulacra
  A wolf simulacrum (IceCv)
  A killer bee zombie (D:8)
  A centaur simulacrum (IceCv)
  A big kobold skeleton (Crypt:1)
  A hound zombie (D:5)
  4 hound skeletons
  A worker ant zombie (D:11)
  8 gnolls
  2 ogre simulacra (IceCv)
  4 river rats (Sewer)
  15 adders
  3 naga simulacra (IceCv)
  6 shadow imps
  6 white imps
  5 ufetubi (IceCv)
  6 oozes
  2 adder zombies
  An adder skeleton (Crypt:2)
  A barachi skeleton (Crypt:3)
  A barachi zombie (Crypt:3)
  2 dart slugs (D:3)
  5 worms
  6 leopard geckos
  131 orcs
  7 bats
  2 giant cockroaches
  11 goblins
  11 hobgoblins
  14 jackals
  3 quokkas
  14 ball pythons
  7 frilled lizards
  2 frilled lizard skeletons
  37 kobolds
  A quokka skeleton (D:9)
  31 rats
  A crawling corpse (Elf:2)
  2 fungi
  8 plants
2522 creatures vanquished.

Vanquished Creatures (others)
  A lich (Depths:2)
  A naga warrior (Snake:4)
  A merfolk aquamancer (Shoals:2)
  A sea snake (Shoals:2)
  A spectral hydra (Crypt:3)
  An ugly thing (Depths:2)
  Grinder (D:5)
  A dream sheep (Shoals:2)
  2 water elementals
  A naga (Snake:4)
  An orc warrior (Vaults:4)
  A slave (D:5)
  Dowan (D:5)
  A worker ant (D:5)
  3 ufetubi (IceCv)
  An orc (Vaults:4)
  A quokka (D:5)
  21 plants
41 creatures vanquished.

Grand Total: 2563 creatures vanquished

Notes
Turn   | Place    | Note
-------+----------+-------------------------------------------
     0 | D:1      | Deaus the Vine Stalker Fighter began the quest for the Orb.
     0 | D:1      | Reached XP level 1. HP: 11/11 MP: 2/2
   129 | D:1      | Reached skill level 2 in Axes
   129 | D:1      | Reached XP level 2. HP: 16/16 MP: 3/3
   131 | D:1      | Gained mutation: Your movements are slightly less
                  | encumbered by armour. (ER -2) [potion of mutation]
   131 | D:1      | Gained mutation: Your muscles are strong. (Str +2) [potion
                  | of mutation]
   131 | D:1      | Gained mutation: Your spells are a little harder to cast,
                  | but a little more powerful. [potion of mutation]
   325 | D:1      | Reached skill level 1 in Stealth
   601 | D:2      | Reached XP level 3. HP: 19/19 MP: 4/4
   688 | D:2      | Found a faded altar of an unknown god.
   722 | D:2      | Noticed Natasha
   728 | D:2      | Killed Natasha
   728 | D:2      | Gained mutation: Your natural rate of healing is unusually
                  | fast. [Vine Stalker growth]
   728 | D:2      | Reached XP level 4. HP: 16/23 MP: 5/5
   766 | D:2      | Noticed Natasha
   777 | D:2      | Killed Natasha
   777 | D:2      | Reached skill level 3 in Axes
   780 | D:2      | Noticed Natasha
   804 | D:2      | Killed Natasha
   804 | D:2      | Reached skill level 1 in Spellcasting
   804 | D:2      | Reached XP level 5. HP: 18/28 MP: 4/7
   886 | D:2      | Found a hazy altar of Hepliaklqana.
   886 | D:2      | Found a shattered altar of Ashenzari.
   900 | D:2      | Found a sacrificial altar of Ru.
  2058 | D:4      | Reached XP level 6. HP: 29/32 MP: 7/9
  2108 | D:4      | Reached skill level 4 in Axes
  2337 | D:4      | Noticed Ijyb
  2350 | D:4      | Killed Ijyb
  2403 | D:4      | Found a glowing golden altar of the Shining One.
  2808 | D:5      | Entered Level 5 of the Dungeon
  2816 | D:5      | Reached skill level 1 in Slings
  2816 | D:5      | Reached XP level 7. HP: 31/36 MP: 7/11
  2850 | D:5      | Found a staircase to the Ecumenical Temple.
  2863 | Temple   | Entered the Ecumenical Temple
  2895 | Temple   | Became a worshipper of Uskayaw the Reveler
  2947 | D:5      | Reached * piety under Uskayaw
  2952 | D:5      | Reached ** piety under Uskayaw
  2959 | D:5      | Noticed Pikel
  2959 | D:5      | Noticed Grinder
  2994 | D:5      | Reached *** piety under Uskayaw
  2997 | D:5      | Killed Pikel
  2997 | D:5      | Reached skill level 1 in Invocations
  2997 | D:5      | Gained mutation: You have razor-sharp teeth. [Vine Stalker
                  | growth]
  2997 | D:5      | Reached XP level 8. HP: 35/42 MP: 11/13
  3017 | D:5      | Killed Grinder
  3180 | D:5      | Found a glowing drain.
  3235 | Sewer    | Entered a sewer
  3338 | Sewer    | Reached skill level 5 in Axes
  3439 | Sewer    | Reached **** piety under Uskayaw
  3507 | Sewer    | Reached XP level 9. HP: 45/45 MP: 15/15
  3553 | D:5      | Killed Dowan
  3564 | D:5      | Noticed Blork the orc
  3567 | D:5      | Killed Blork the orc
  3574 | D:5      | Reached skill level 5 in Stealth
  3786 | D:5      | Noticed Duvessa
  3803 | D:5      | Killed Duvessa
  3810 | D:5      | Found an iron altar of Okawaru.
  4226 | D:6      | Found a sparkling altar of Nemelex Xobeh.
  4700 | D:7      | Noticed Prince Ribbit
  4730 | D:7      | Killed Prince Ribbit
  4845 | D:7      | Reached skill level 6 in Axes
  4874 | D:7      | Found a blossoming altar of Fedhas.
  5049 | D:7      | Reached XP level 10. HP: 50/51 MP: 17/17
  5180 | D:7      | Reached skill level 5 in Fighting
  5493 | D:8      | Noticed Erica
  5501 | D:8      | Killed Erica
  5555 | D:8      | Reached skill level 1 in Evocations
  5589 | D:8      | Found a white marble altar of Elyvilon.
  5644 | D:8      | Noticed Harold
  5665 | D:8      | Killed Harold
  5665 | D:8      | Reached skill level 5 in Spellcasting
  5670 | D:8      | Reached skill level 5 in Armour
  6280 | D:8      | Reached skill level 7 in Axes
  6330 | D:8      | Found Zovuyhen's Distillery.
  6335 | D:8      | Bought a potion of cancellation for 88 gold pieces
  6517 | D:9      | Reached ***** piety under Uskayaw
  6547 | D:9      | Reached ****** piety under Uskayaw
  6581 | D:9      | Reached XP level 11. HP: 56/56 MP: 19/19
  6717 | D:9      | Reached skill level 1 in Dodging
  6745 | D:9      | Reached skill level 5 in Shields
  6749 | D:9      | Reached skill level 5 in Slings
  7074 | D:9      | Found a runed translucent gate.
  7074 | D:9      | Noticed a nine-headed hydra
  7075 | D:9      | Found a runed translucent gate.
  7075 | D:9      | Found a runed translucent gate.
  7075 | D:9      | Noticed garrulousMonolith's ghost (novice GnFi)
  7247 | D:9      | Killed garrulousMonolith's ghost
  7600 | D:10     | Entered Level 10 of the Dungeon
  7704 | D:10     | Reached skill level 8 in Axes
  7772 | D:10     | Reached skill level 5 in Invocations
  8146 | D:10     | Got a glittering silver ring
  8148 | D:10     | Identified the ring "Raeraisk" {rPois Str+2 Dex+4} (You
                  | found it on level 10 of the Dungeon)
  8311 | D:11     | Noticed a two-headed ogre
  8317 | D:11     | Killed a two-headed ogre
  8367 | D:11     | Reached skill level 9 in Axes
  8492 | D:11     | Found a staircase to the Lair.
  8496 | D:11     | Noticed Urug
  8502 | D:11     | Gained mutation: You heal very quickly. [Vine Stalker
                  | growth]
  8502 | D:11     | Reached XP level 12. HP: 55/61 MP: 22/22
  8697 | D:11     | Killed Urug
  8933 | D:11     | Found Akaody's Armour Emporium.
  8957 | D:11     | Bought a +2 cloak of invisibility for 301 gold pieces
  8957 | D:11     | Bought a +2 pair of gloves of dexterity for 301 gold pieces
  9214 | D:12     | Noticed Rupert
  9292 | D:12     | Noticed Gastronok
  9301 | D:12     | Killed Gastronok
  9301 | D:12     | Reached skill level 10 in Axes
  9343 | D:12     | Found a flickering gateway to a bazaar.
  9372 | Bazaar   | Entered a bazaar
  9413 | Bazaar   | Found Syokor Gusi's Antique Weapon Shop.
  9427 | Bazaar   | Found Nol Limush's Jewellery Emporium.
  9442 | Bazaar   | Found Linoh's Gadget Shop.
  9462 | Bazaar   | Found Jeyxul's Antique Weapon Emporium.
  9471 | Bazaar   | Found Ballai's Assorted Antiques.
  9660 | D:12     | Killed Rupert
  9791 | D:12     | Found a staircase to the Orcish Mines.
  9878 | D:12     | Reached skill level 11 in Axes
 10030 | D:12     | Noticed Sonja
 10046 | D:12     | Killed Sonja
 10046 | D:12     | Reached XP level 13. HP: 27/65 MP: 16/23
 10344 | D:12     | Reached skill level 5 in Evocations
 10392 | Lair:1   | Entered Level 1 of the Lair of Beasts
 11049 | Lair:1   | Noticed a fire dragon
 11078 | Lair:1   | Killed a fire dragon
 11305 | Lair:2   | Found a staircase to the Shoals.
 11643 | Lair:2   | Reached skill level 12 in Axes
 12039 | Lair:3   | Reached skill level 5 in Dodging
 12783 | Lair:4   | Found a staircase to the Snake Pit.
 13011 | Lair:4   | Found a blossoming altar of Fedhas.
 13851 | Lair:5   | Found a staircase to the Slime Pits.
 13925 | Lair:5   | Reached XP level 14. HP: 70/70 MP: 24/24
 14291 | Lair:6   | Entered Level 6 of the Lair of Beasts
 14521 | Lair:6   | Noticed Josephine
 14571 | Lair:6   | Killed Josephine
 15138 | Lair:6   | Reached skill level 13 in Axes
 15228 | Lair:6   | Noticed a dire elephant
 15228 | Lair:6   | Noticed a dire elephant
 15235 | Lair:6   | Noticed a dire elephant
 15263 | Lair:6   | Noticed a dire elephant
 15280 | Lair:6   | Killed a dire elephant
 15318 | Lair:6   | Killed a dire elephant
 15384 | Lair:5   | Killed a dire elephant
 15442 | Lair:6   | Killed a dire elephant
 15461 | Lair:6   | Noticed a dire elephant
 15503 | Lair:6   | Killed a dire elephant
 15577 | Lair:6   | Noticed a dire elephant
 15583 | Lair:6   | Killed a dire elephant
 15654 | Lair:6   | Got a citrine-encrusted chain mail
 15655 | Lair:6   | Identified the +1 chain mail of Trumpets {Str-3 Int+4 Dex+2
                  | Slay+3} (You found it on level 6 of the Lair of Beasts)
 15869 | Orc:1    | Entered Level 1 of the Orcish Mines
 15912 | Orc:1    | Found a bloodstained altar of Trog.
 16473 | Orc:2    | Entered Level 2 of the Orcish Mines
 16499 | Orc:2    | Noticed Maurice
 16508 | Orc:2    | Killed Maurice
 16734 | Orc:2    | Found a roughly hewn altar of Beogh.
 16819 | Orc:2    | Found Quxaunoph's Weapon Boutique.
 16836 | Orc:2    | Found Poczovoll's Distillery.
 17089 | Orc:2    | Reached XP level 15. HP: 75/75 MP: 26/26
 17162 | Orc:2    | Found a staircase to the Elven Halls.
 17421 | Orc:2    | Found Omoz Biump's Armour Shoppe.
 17471 | Orc:2    | Found a roughly hewn altar of Beogh.
 17474 | Orc:2    | Noticed an orc warlord
 17512 | Orc:2    | Killed an orc warlord
 17664 | Orc:2    | Found Qyuwe's Food Emporium.
 17956 | Orc:2    | Bought the +8 plate armour of Voronucw {rElec Regen+} for
                  | 847 gold pieces
 18024 | Elf:1    | Entered Level 1 of the Elven Halls
 18206 | Elf:1    | Noticed Louise
 18212 | Elf:1    | Killed Louise
 18234 | Elf:1    | Reached skill level 10 in Stealth
 18274 | Elf:1    | Found Lixt's Book Shoppe.
 18500 | Elf:1    | Noticed a deep elf sorcerer
 18510 | Elf:1    | Killed a deep elf sorcerer
 18510 | Elf:1    | Reached skill level 14 in Axes
 18673 | Elf:1    | Identified the Collected Works on Poison and Ignition
 18773 | Elf:1    | Noticed Donald
 18781 | Elf:1    | Killed Donald
 18781 | Elf:1    | Reached XP level 16. HP: 80/82 MP: 27/29
 19214 | Elf:2    | Found a huge runed translucent gate.
 19214 | Elf:2    | Found a huge runed translucent gate.
 19214 | Elf:2    | Found a huge runed translucent gate.
 19218 | Elf:2    | Found a huge runed translucent gate.
 19218 | Elf:2    | Found a huge runed translucent gate.
 19300 | Elf:2    | Reached skill level 10 in Invocations
 19715 | Elf:2    | Reached skill level 10 in Armour
 19959 | Elf:2    | Noticed a deep elf blademaster
 20032 | Elf:2    | Killed a deep elf blademaster
 20350 | Elf:3    | Entered Level 3 of the Elven Halls
 20402 | Elf:3    | Found a frozen archway.
 20414 | IceCv    | Entered an ice cave
 20831 | IceCv    | Noticed an Ice Fiend
 20929 | IceCv    | Reached skill level 15 in Axes
 21173 | IceCv    | Killed an Ice Fiend
 21173 | IceCv    | Reached XP level 17. HP: 41/88 MP: 31/31
 21228 | IceCv    | Reached skill level 10 in Fighting
 21783 | Elf:3    | Noticed Saint Roka
 21822 | Elf:3    | Killed Saint Roka
 22277 | Elf:3    | Gained mutation: You are frail. (-10% HP) [a neqoxec]
 22755 | D:13     | Identified a scroll of acquirement
 22901 | D:13     | Got a pair of warped gloves
 22902 | D:13     | Identified the -7 pair of gloves of Vanity {rF+ Str+4} (You
                  | acquired it on level 13 of the Dungeon)
 23135 | D:14     | Reached skill level 1 in Bows
 23443 | D:14     | Reached skill level 10 in Spellcasting
 23529 | D:14     | Found a gate to the Vaults.
 24036 | D:15     | Entered Level 15 of the Dungeon
 24441 | D:15     | Reached skill level 5 in Bows
 24545 | D:15     | Found a staircase to the Depths.
 25711 | Elf:3    | Noticed a Hell Sentinel
 25864 | Elf:3    | Reached XP level 18. HP: 82/85 MP: 31/33
 25868 | Elf:3    | Identified the ring "Muwudgh" {rCorr rPois rN++ MR-}
 25890 | Elf:3    | Noticed a deep elf blademaster
 25902 | Elf:3    | Identified the cursed +0 battleaxe of Stickiness {venom,
                  | rPois rC+}
 25905 | Elf:3    | Killed a deep elf blademaster
 25933 | Elf:3    | Noticed a Tzitzimitl
 26233 | Elf:3    | Noticed a deep elf master archer
 26244 | Elf:3    | Killed a deep elf master archer
 26244 | Elf:3    | Reached skill level 16 in Axes
 26337 | Elf:3    | Found the amulet of the Air {Inacc +Fly rElec EV+5 RMsl}
 26340 | Elf:3    | Noticed a deep elf blademaster
 26341 | Elf:3    | Noticed a deep elf master archer
 26348 | Elf:3    | Killed a deep elf blademaster
 26357 | Elf:3    | Killed a deep elf master archer
 27001 | Snake:1  | Entered Level 1 of the Snake Pit
 27577 | Snake:2  | Reached skill level 17 in Axes
 27644 | Snake:2  | Noticed Nikola
 27650 | Snake:2  | Killed Nikola
 27760 | Snake:2  | Got a warped buckler
 27761 | Snake:2  | Identified the +2 buckler "Remeut" {-Cast MR+ Str+2 Int+8}
                  | (You found it on level 2 of the Snake Pit)
 27911 | Snake:2  | Reached XP level 19. HP: 57/89 MP: 23/34
 28392 | Snake:3  | Found Louplawk's Assorted Antiques.
 28409 | Snake:3  | Found Gitib's Antique Weapon Emporium.
 28409 | Snake:3  | Found Cadwibisie's General Store.
 28417 | Snake:3  | Found Yfromaos's Book Shoppe.
 28448 | Snake:3  | Reached skill level 18 in Axes
 28877 | Snake:3  | Noticed Kirke
 28899 | Snake:3  | Killed Kirke
 29477 | Snake:4  | Entered Level 4 of the Snake Pit
 30264 | Snake:4  | Reached XP level 20. HP: 95/95 MP: 35/35
 30422 | Snake:4  | Got a serpentine rune of Zot
 30789 | Shoals:1 | Entered Level 1 of the Shoals
 31007 | Shoals:1 | You fall through a shaft!
 31015 | Shoals:2 | Found a runed translucent gate.
 31015 | Shoals:2 | Found a runed translucent gate.
 31015 | Shoals:2 | Found a runed translucent gate.
 31250 | Shoals:1 | You fall through a shaft!
 31250 | Shoals:2 | Found Huameb's Book Emporium.
 31940 | Shoals:2 | Found Ifufuw's Weapon Shop.
 32165 | Shoals:2 | Noticed Geefoyhi's ghost (adept GrFi)
 32305 | Shoals:2 | Paralysed by the power of Zot for 3 turns
 32316 | Shoals:2 | Killed Geefoyhi's ghost
 32334 | Shoals:2 | Got a translucent helmet
 32335 | Shoals:2 | Identified the cursed +0 helmet of Kil Gask {rElec rF-
                  | rCorr} (You found it on level 2 of the Shoals)
 33071 | Shoals:4 | Entered Level 4 of the Shoals
 33072 | Shoals:4 | Noticed Ilsuiw
 33099 | Shoals:4 | Killed Ilsuiw
 33490 | Shoals:4 | Reached XP level 21. HP: 94/100 MP: 36/36
 33694 | Shoals:4 | Found Giemevvyon's Antique Weapon Shop.
 33895 | Shoals:4 | Got a barnacled rune of Zot
 33940 | Shoals:4 | Got a slimy longbow
 33941 | Shoals:4 | Identified the +8 longbow of Indignation {freeze, MR+ Int-5
                  | Stlth+} (You found it on level 4 of the Shoals)
 34375 | Depths:1 | Entered Level 1 of the Depths
 34478 | Depths:1 | Found Xuadiq's Jewellery Shoppe.
 34481 | Depths:1 | Bought a cursed amulet of inaccuracy for 40 gold pieces
 34559 | Depths:1 | Learned a level 6 spell: Deflect Missiles
 34666 | Depths:1 | Reached skill level 1 in Air Magic
 34666 | Depths:1 | Reached skill level 1 in Charms
 34924 | Depths:1 | Noticed Sojobo
 34943 | Depths:1 | Killed Sojobo
 35170 | Depths:1 | Found a gateway to Hell.
 35203 | Depths:1 | Found the +10 morningstar "Eos" {elec, Halo rElec}
 35308 | Depths:1 | Identified the +2 halberd of the Moon {speed, rElec MP-9
                  | Int+9 Stlth+}
 35415 | Depths:1 | Identified the ring "Jiditibi" {rPois Stlth+}
 35565 | Depths:2 | Reached skill level 10 in Evocations
 35600 | Depths:2 | Reached XP level 22. HP: 103/104 MP: 37/37
 35606 | Depths:2 | Reached skill level 15 in Invocations
 35606 | Depths:2 | Reached skill level 5 in Charms
 35609 | Depths:2 | Reached skill level 5 in Air Magic
 35646 | Depths:2 | Found the +6 shillelagh "Devastator" {shatter}
 35846 | Depths:1 | Identified the +2 hand axe of Harmony {venom, *Rage rElec
                  | MR+}
 36505 | Depths:3 | Found a one-way gate leading to the halls of Pandemonium.
 36526 | Depths:3 | Gained mutation: You are dopey. (Int -2) [a neqoxec]
 36563 | Depths:3 | Found a flickering gateway to a bazaar.
 36575 | Bazaar   | Entered a bazaar
 36580 | Bazaar   | Found Otta's Gadget Emporium.
 36589 | Bazaar   | Found Oreodip's Weapon Boutique.
 36589 | Bazaar   | Found Selomne's Book Boutique.
 36608 | Bazaar   | Found Jymeil's Food Shoppe.
 36694 | Bazaar   | Bought a Necronomicon for 883 gold pieces
 36762 | Depths:3 | Noticed Asterion
 36769 | Depths:3 | Killed Asterion
 37167 | Depths:3 | Noticed a juggernaut
 37482 | Vaults:1 | Entered Level 1 of the Vaults
 37621 | Vaults:1 | Found a runed translucent gate.
 37622 | Vaults:1 | Found a runed translucent gate.
 37622 | Vaults:1 | Found a runed translucent gate.
 37622 | Vaults:1 | Noticed Aldia's ghost (adept HOMo)
 38662 | Vaults:1 | Reached skill level 10 in Charms
 38666 | Vaults:1 | Identified the Reference Book on the Escort
 38800 | Vaults:1 | Reached skill level 10 in Air Magic
 38825 | Vaults:1 | Killed Aldia's ghost
 38825 | Vaults:1 | Reached XP level 23. HP: 83/108 MP: 38/38
 39440 | Vaults:2 | Identified the Catalogue of the Rocks and Cold
 40278 | Vaults:2 | Found a staircase to the Crypt.
 40635 | Vaults:3 | Found Xobumpom's Weapon Boutique.
 41324 | Vaults:3 | Reached XP level 24. HP: 113/113 MP: 38/38
 42007 | Vaults:4 | Noticed an ancient lich
 42622 | Vaults:4 | Paralysed by a floating eye for 4 turns
 44138 | Vaults:4 | Upgraded the game from 0.24-a0-67-ga78bd38 to
                  | 0.24-a0-73-g81bb1ad
 44179 | Vaults:5 | Entered Level 5 of the Vaults
 44184 | Vaults:5 | Reached XP level 25. HP: 106/120 MP: 37/38
 44461 | Vaults:5 | Reached skill level 15 in Fighting
 44462 | Vaults:5 | Noticed Margery
 44513 | Vaults:4 | Killed Margery
 44637 | Vaults:5 | Identified the +5 dagger of Ynwibb {freeze, rC+ rN++ Int+2
                  | Stlth-}
 44637 | Vaults:5 | Identified the amulet "Anen" {Acrobat rElec}
 44646 | Vaults:5 | Noticed an ancient lich
 44664 | Vaults:5 | Killed an ancient lich
 45069 | Vaults:5 | Identified the cursed +2 arbalest "Kiqeotiapn" {venom, rN+}
 45282 | Vaults:5 | Reached XP level 26. HP: 102/127 MP: 37/39
 45391 | Vaults:5 | Identified Myghynin's Almanac of the Oath
 45396 | Vaults:5 | Got a silver rune of Zot
 46385 | Slime:1  | Entered Level 1 of the Pits of Slime
 46446 | Slime:1  | Reached skill level 5 in Throwing
 46481 | Slime:1  | Gained mutation: Your body sometimes deteriorates upon
                  | taking damage. [a shining eye]
 46483 | Slime:1  | Gained mutation: Your magical capacity is low. (-10% MP) [a
                  | shining eye]
 47014 | Slime:5  | Entered Level 5 of the Pits of Slime
 47087 | Slime:5  | Noticed the Royal Jelly
 47102 | Slime:5  | Killed the Royal Jelly
 47102 | Slime:5  | Reached skill level 10 in Throwing
 47205 | Slime:5  | Got a steaming shortbow
 47206 | Slime:5  | Identified the +3 shortbow of Extinguishment {velocity,
                  | rPois rC+ Int+2 Dex+4} (You found it on level 5 of the Pits
                  | of Slime)
 47238 | Slime:5  | Got a slimy rune of Zot
 47252 | Slime:5  | Got a pair of polished boots
 47253 | Slime:5  | Identified the +1 pair of boots "Ediemuin" {+Inv} (You
                  | found it on level 5 of the Pits of Slime)
 47724 | Crypt:1  | Entered Level 1 of the Crypt
 47904 | Crypt:1  | Learned a level 1 spell: Apportation
 48010 | Crypt:1  | Noticed Aizul
 48021 | Crypt:1  | Killed Aizul
 48021 | Crypt:1  | Reached skill level 15 in Charms
 48021 | Crypt:1  | Reached skill level 1 in Translocations
 48031 | Crypt:1  | Reached skill level 15 in Air Magic
 48269 | Crypt:2  | Reached XP level 27. HP: 118/132 MP: 35/35
 48827 | Crypt:3  | Entered Level 3 of the Crypt
 49016 | Crypt:3  | Found a staircase to the Tomb.
 49121 | Crypt:3  | Got a flickering platinum ring
 49122 | Crypt:3  | Identified the ring "Piateseo" {-Tele *Slow rPois AC+3
                  | Str+9} (You found it on level 3 of the Crypt)
 49126 | Crypt:3  | Reached skill level 10 in Bows
 49431 | Crypt:3  | Noticed a greater mummy
 49441 | Crypt:3  | Slain by a greater mummy

Vault maps used:
D:1:      saegor_arrival_simple_b
D:2:      chequers_temple_overflow_statue_of_worship,
          nicolae_ru_great_annihilating_truth, chequers_ecumenical_altar_twisty,
          uniq_natasha
D:3:      first_ration
D:4:      serial_bayou_pond_c, nicolae_tso_carved_into_rock, uniq_ijyb
D:5:      kennysheep_spiral_hall, okawaru_ov_weapons_minmay,
          minmay_temple_entry_nine_rooms, cheibrodos_sewer_entry_sluice,
          uniq_pikel, uniq_blork_the_orc, uniq_duvessa, uniq_grinder
D:6:      basic_altar
D:7:      fedhas_altar_4, uniq_prince_ribbit1
D:8:      elyvilon_altar_3, serial_shops, kennysheep_little_box, uniq_harold,
          uniq_erica
D:9:      gammafunk_ghost_hydra_chop
D:10:     hangedman_little_slice_of_home
D:11:     david_lair_generic, serial_shops, nicolae_shop_behind_doors,
          minmay_misc_feat_iff, uniq_urug
D:12:     orc_0_dummy, serial_shops, bzr_entry_water, uniq_rupert, uniq_sonja,
          uniq_gastronok
D:13:     minivault_22
D:14:     david_vaults_4, minmay_parallelograms, serial_column_ruins,
          column_ruins_hut, column_ruins_open_small_water,
          column_ruins_corridor_dead_end, column_ruins_grid_1,
          column_ruins_open_small
D:15:     grunt_enter_depths_magical_seal, moated_statue
Temple:   lightli_temple_of_artemis
Lair:1:   dragon1_lemuel
Lair:2:   elwin_shoals_entry_rocks, grunt_megastairs_3
Lair:3:   nicolae_quartered_pool_little, cheibrodos_lair_caveside_slide,
          grunt_megastairs_2
Lair:4:   guppyfry_snake_entry_island, basic_altar, disabler_island
Lair:5:   minmay_slime_entry_jelly_boxes, serial_rivers,
          chequers_serial_rivers_marsh, chequers_serial_rivers_room_a,
          chequers_serial_rivers_micro_e, chequers_serial_rivers_micro_c,
          serial_bayou_shore_a
Lair:6:   due_jungle_book, uniq_josephine
Shoals:2: serial_shops, nicolae_shop_waterfront,
          nicolae_shop_competitors_out_of_business, gammafunk_ghost_tricky_traps
Shoals:4: shoals_end_hangedman, shoal_ilsuiw, serial_shops, nicolae_shop_stone
Snake:1:  drop_trap
Snake:2:  drop_trap, uniq_nikola
Snake:3:  serial_bayou_lagoon_b, minmay_shoptagon, uniq_kirke
Snake:4:  johnstein_snake_rune_scales, serial_bayou_shore_b
Slime:1:  layout_caves
Slime:2:  layout_caves, nicolae_slime_round_cave
Slime:3:  layout_caves
Slime:4:  layout_caves
Slime:5:
Orc:1:    basic_altar
Orc:2:    pubby_orc_utopia, serial_shops, uniq_maurice
Elf:1:    eino_elf_arrival_the_gate, serial_shops, shop_statue,
          hangedman_elf_represent, drop_trap,
          minmay_checkered_concentric_circles, uniq_louise, uniq_donald
Elf:2:    grunt_megastairs_5
Elf:3:    elf_hall_gauntlet_wide, portal_ice_cave_entry_pillars_four,
          david_greed, grunt_megastairs_1, uniq_saint_roka
Vaults:1: gammafunk_vaults_ghost_spectres, v_rooms_4, v_misc_4,
          vaults_room_door_hall, v_misc_4, st_check, v_alt_pattern_1,
          hangedman_vaults_nodes, ontoclasm_vaults_ring_square,
          vaults_room_door_hall, ontoclasm_vaults_twist, v_misc_15
Vaults:2: nicolae_vaults_shelves_hall, grunt_vaults_focal,
          nicolae_vaults_sealed_display, minmay_crypt_entry_skeletal_spiral,
          hangedman_vaults_nails, vaults_room_ringed_pool, v_misc_14,
          v_alt_pattern_4, v_misc_8, vaults_dpeg_ring,
          vaults_room_hangedman_quadrants, vaults_dpeg_diagonal
Vaults:3: nicolae_vaults_mini_display_case, dpeg_vaults_monster_box,
          serial_ice_g, grunt_vaults_trifunnel, nicolae_vaults_murderbox,
          v_misc_10, nicolae_vaults_windows_and_doors_thing, vaults_room_grid,
          vaults_room_semicircle, vaults_standard_mumra_enter_the_diamond,
          vaults_room_semicircle
Vaults:4: nicolae_vaults_little_squares_1, st_greater_box_5,
          vaults_room_semicircle, v_misc_12, nicolae_vaults_circle_grid_b,
          ontoclasm_vaults_hangar, grunt_vaults_hallway_short,
          nicolae_vaults_triangles, nicolae_vaults_specimen_jars, v_misc_18,
          vaults_standard_mumra_enter_the_diamond, v_misc_30,
          hangedman_vaults_river_flow
Vaults:5: serial_shops, uniq_margery
Crypt:1:  layout_gridlike, uniq_aizul
Crypt:2:  layout_rooms
Crypt:3:  due_elkab, layout_chaotic_city, tomb_entry_simple_bobbens, uniq_khufu
Depths:1: serial_shops, kennysheep_mini_moat, pf_hell_entry_tar_river,
          minmay_misc_feat_plants, st_stairs_8, minmay_statues_item,
          horrible_house_mu, uniq_sojobo
Depths:2: minmay_roctagon, pf_coc_iceberg, drop_trap,
          infiniplex_staircase_hallway_doors
Depths:3: minmay_mutant_horseshoe, grunt_pan_entry_spiral, hell_entry,
          serial_shops, bzr_in_the_mist, grunt_decor_one_mirror,
          infiniplex_staircase_pool_2, uniq_asterion
Bazaar:   bazaar_jpeg_ninerooms_1, bazaar_jpeg_ribbon
Sewer:    sewer_minmay_w
IceCv:    ice_cave_caverns_03

Skill      XL: |  1  2  3  4  5  6  7  8  9 10 11 12 13 14 15 16 17 18 19 20 21 22 23 24 25 26 27 |
---------------+----------------------------------------------------------------------------------+-----
Axes           | 2 3 4 5 6 7 9 11 12 13 14 15 17 18 | 18.0
Stealth        | 1 2 3 4 6 8 9 10 12 | 12.7
Shields        | 3 4 5 |  5.0
Spellcasting   | 1 2 3 4 5 6 7 8 9 10 11 | 11.3
Fighting       | 3 4 5 6 7 8 9 10 11 12 14 15 16 | 16.0
Armour         | 3 4 5 6 8 9 10 11 12 13 14 | 14.1
Slings         | 1 2 3 4 5 |  5.0
Invocations    | 1 2 3 4 5 6 8 9 10 11 13 14 15 17 | 17.0
Evocations     | 1 3 4 5 8 10 | 10.0
Dodging        | 2 4 5 6 7 |  7.0
Bows           | 6 8 9 10 | 10.3
Air Magic      | 4 10 13 14 15 16 | 16.0
Charms         | 4 10 13 14 15 | 15.9
Throwing       | 11 | 11.4
Translocations | 2 3 |  3.0

Action                   |  1- 3 |  4- 6 |  7- 9 | 10-12 | 13-15 | 16-18 | 19-21 | 22-24 | 25-27 || total
-------------------------+-------+-------+-------+-------+-------+-------+-------+-------+-------++-------
Melee: War axe           |    63 |   114 |     9 |     2 |       |   103 |       |       |       ||   291
       Bite              |    18 |    35 |    96 |   151 |   361 |   411 |   521 |   627 |   447 ||  2667
       Hand axe          |       |    24 |   283 |   257 |       |       |       |       |       ||   564
       Broad axe         |       |       |       |   191 |   708 |   766 |  1228 |  1257 |   521 ||  4671
       Scimitar          |       |       |       |       |    18 |       |       |       |       ||    18
       Staff             |       |       |       |       |    17 |       |       |       |       ||    17
       Executioner's axe |       |       |       |       |       |    15 |       |       |   333 ||   348
 Fire: Hunting sling     |       |    13 |    25 |    30 |       |       |       |       |       ||    68
       Shortbow          |       |       |       |       |       |    62 |       |       |       ||    62
Throw: Javelin           |       |       |       |    13 |     6 |       |       |       |     8 ||    27
 Cast: Deflect Missiles  |       |       |       |       |       |       |       |     1 |     3 ||     4
Invok: Stomp             |       |       |       |     1 |       |       |       |       |       ||     1
       Grand Finale      |       |       |       |       |       |       |       |     1 |     2 ||     3
 Abil: Evoke Flight      |       |       |       |       |       |       |     8 |       |       ||     8
       Evoke Invisibilit |       |       |       |       |       |       |     2 |       |       ||     2
       Stop Flying       |       |       |       |       |       |       |     2 |       |       ||     2
Evoke: Wand              |       |       |       |       |     6 |       |       |     2 |       ||     8
  Use: Scroll            |     5 |     2 |     3 |     4 |     8 |    14 |     7 |    13 |     9 ||    65
       Potion            |     3 |     4 |     2 |     3 |       |     3 |       |     1 |     4 ||    20
 Stab: Paralysed         |       |       |    17 |    42 |    94 |    82 |   188 |   244 |   129 ||   796
       Sleeping          |       |       |    10 |    23 |     7 |     1 |     3 |     6 |     3 ||    53
       Distracted        |       |       |       |     5 |     1 |     1 |     1 |     3 |     2 ||    13
       Fleeing           |       |       |       |       |     1 |       |       |       |       ||     1
       Invisible         |       |       |       |       |       |     2 |    14 |       |     6 ||    22
  Eat: Chunk             |       |     6 |     8 |    22 |    28 |    23 |    24 |    28 |     9 ||   148
       Ration            |       |       |       |       |       |     2 |     1 |     1 |     5 ||     9
Armor: Scale mail        |    21 |    49 |       |       |       |       |       |       |       ||    70
       Ring mail         |       |       |    99 |   140 |       |       |       |       |       ||   239
       Chain mail        |       |       |       |    13 |   178 |    28 |       |       |       ||   219
       Plate armour      |       |       |       |       |    44 |   255 |   500 |   323 |   546 ||  1668
       Fire dragon scale |       |       |       |       |       |       |       |     4 |     4 ||     8
Dodge: Dodged            |    28 |    34 |    64 |   141 |   327 |   331 |   746 |   646 |   482 ||  2799
       Deflected         |       |       |       |       |       |       |    42 |    47 |    17 ||   106
Block: Shield            |    38 |    86 |   139 |   228 |   391 |   374 |       |       |    56 ||  1312
       Buckler           |       |       |       |       |       |     8 |   407 |   278 |    89 ||   782

Table legend:
 A = Non-vault XP
 B = Vault XP
 C = Vault XP percentage of total XP
 D = Non-vault monster count
 E = Vault monster count
 F = Vault count percentage of total count
                 A         B        C        D         E       F
            +---------+---------+-------+---------+---------+-------
      Total |  735085 |  604720 |  45.1 |    1597 |     909 |  36.3
            +---------+---------+-------+---------+---------+-------
        D:1 |      27 |       0 |   0.0 |      17 |       0 |   0.0
        D:2 |     113 |      80 |  41.5 |      20 |       5 |  20.0
        D:3 |      62 |       0 |   0.0 |      23 |       0 |   0.0
        D:4 |     260 |      36 |  12.2 |      14 |       1 |   6.7
        D:5 |     567 |    1258 |  68.9 |      28 |       8 |  22.2
        D:6 |     882 |       0 |   0.0 |      13 |       0 |   0.0
        D:7 |    1165 |     264 |  18.5 |      30 |       1 |   3.2
        D:8 |    1645 |    1894 |  53.5 |      26 |       2 |   7.1
        D:9 |    2653 |     775 |  22.6 |      42 |       1 |   2.3
       D:10 |    2098 |     357 |  14.5 |      32 |       9 |  22.0
       D:11 |    5107 |    1662 |  24.6 |      44 |       4 |   8.3
       D:12 |    5840 |    6314 |  51.9 |      38 |       3 |   7.3
       D:13 |    3812 |       0 |   0.0 |      18 |       0 |   0.0
       D:14 |   10601 |    2697 |  20.3 |      33 |       3 |   8.3
       D:15 |    4413 |    5523 |  55.6 |      12 |       9 |  42.9
     Lair:1 |    5011 |    1081 |  17.7 |      18 |       1 |   5.3
     Lair:2 |    3937 |     637 |  13.9 |      17 |       3 |  15.0
     Lair:3 |    2524 |    1359 |  35.0 |      12 |       4 |  25.0
     Lair:4 |    2190 |     157 |   6.7 |       8 |       1 |  11.1
     Lair:5 |   13956 |    1019 |   6.8 |      26 |      17 |  39.5
     Lair:6 |   11177 |    4447 |  28.5 |      27 |       8 |  22.9
   Shoals:1 |    5884 |       0 |   0.0 |      16 |       0 |   0.0
   Shoals:2 |   17826 |    5455 |  23.4 |      39 |      11 |  22.0
   Shoals:3 |   18173 |       0 |   0.0 |      37 |       0 |   0.0
   Shoals:4 |   18203 |   27261 |  60.0 |      34 |      39 |  53.4
    Snake:1 |   16624 |       0 |   0.0 |      30 |       0 |   0.0
    Snake:2 |   28644 |    4052 |  12.4 |      51 |       1 |   1.9
    Snake:3 |   27592 |    3213 |  10.4 |      45 |       7 |  13.5
    Snake:4 |   25597 |   38447 |  60.0 |      49 |      58 |  54.2
    Slime:1 |   23700 |       0 |   0.0 |      34 |       0 |   0.0
    Slime:2 |    7556 |    6454 |  46.1 |      21 |       8 |  27.6
    Slime:3 |    8111 |       0 |   0.0 |       8 |       0 |   0.0
    Slime:4 |    3411 |       0 |   0.0 |       2 |       0 |   0.0
    Slime:5 |    7926 |   29509 |  78.8 |      19 |      12 |  38.7
      Orc:1 |    2260 |       0 |   0.0 |      30 |       0 |   0.0
      Orc:2 |       0 |   21964 | 100.0 |       0 |     151 | 100.0
      Elf:1 |   19719 |   14886 |  43.0 |      32 |      19 |  37.3
      Elf:2 |    6435 |   28986 |  81.8 |      10 |      38 |  79.2
      Elf:3 |   22198 |   49735 |  69.1 |      45 |      46 |  50.5
   Vaults:1 |   30927 |   30818 |  49.9 |      52 |      46 |  46.9
   Vaults:2 |   56485 |   24423 |  30.2 |      96 |      32 |  25.0
   Vaults:3 |   23942 |   28992 |  54.8 |      40 |      36 |  47.4
   Vaults:4 |   68052 |   61080 |  47.3 |     103 |      56 |  35.2
   Vaults:5 |   21176 |  134584 |  86.4 |      34 |      90 |  72.6
    Crypt:1 |   29630 |    1617 |   5.2 |      46 |       1 |   2.1
    Crypt:2 |   28207 |       0 |   0.0 |      42 |       0 |   0.0
    Crypt:3 |   32976 |   25481 |  43.6 |      39 |      43 |  52.4
   Depths:1 |   43831 |   19638 |  30.9 |      71 |      18 |  20.2
   Depths:2 |   48318 |    3168 |   6.2 |      57 |       5 |   8.1
   Depths:3 |   13642 |    5171 |  27.5 |      17 |      15 |  46.9
      Sewer |       0 |     330 | 100.0 |       0 |      48 | 100.0
      IceCv |       0 |    9896 | 100.0 |       0 |      49 | 100.0
            +---------+---------+-------+---------+---------+-------
